 Dungeon Crawl Stone Soup version 0.27.0-1-g7a089689b8 (webtiles) character file.

Game seed: 4834921184610750405

7341 RedPan the Nimble (level 10, -11/73 HPs)
             Began as a Demonspawn Ice Elementalist on Aug 2, 2021.
             Was a Priest of Sif Muna.
             Shot with an arrow by a centaur warrior (20 damage)
             ... on level 9 of the Dungeon.
             The game lasted 00:26:28 (10251 turns).

RedPan the Nimble (Demonspawn Ice Elementalist)    Turns: 10251, Time: 00:26:28

Health: -11/73     AC: 13    Str:  8    XL:     10   Next: 91%
Magic:  18/18      EV: 15    Int: 20    God:    Sif Muna [***...]
Gold:   505        SH:  0    Dex: 14    Spells: 13/20 levels left

rFire    . . .     SeeInvis .   l - +3 whip (elec)
rCold    . . .     Faith    .   (no shield)
rNeg     . . .     Spirit   .   n - +3 leather armour {rPois}
rPois    +         Reflect  .   h - +0 helmet
rElec    .         Harm     .   (no cloak)
rCorr    .         Rampage  .   (no gloves)
Will     .....                  q - +0 pair of boots
Stlth    ++........             (no amulet)
HPRegen  0.22/turn              e - ring of flight
MPRegen  0.16/turn              k - +4 ring of protection

@: flying
A: rugged brown scales 1, spiny 1, demonic magic 2
a: Renounce Religion, Channel Magic, Forget Spell


You were on level 9 of the Dungeon.
You worshipped Sif Muna.
Sif Muna was most pleased with you.
You visited 2 branches of the dungeon, and saw 11 of its levels.

You collected 505 gold pieces.

Inventory:

Hand Weapons
 l - a +3 whip of electrocution (weapon)
Armour
 h - a +0 helmet (worn)
 n - a +3 leather armour of poison resistance (worn)
 q - a +0 pair of boots (worn)
Jewellery
 e - a ring of flight (left hand)
 k - a +4 ring of protection (right hand)
Wands
 b - a wand of flame (32)
 j - a wand of paralysis (14)
 w - a wand of iceblast (8)
Scrolls
 d - 2 scrolls of brand weapon
 g - 2 scrolls of amnesia
 m - 2 scrolls of teleportation
 r - 2 scrolls of magic mapping
 u - a scroll of identify
Potions
 a - a potion of invisibility
 c - a potion of resistance {unknown}
 f - 3 potions of heal wounds
 i - 3 potions of brilliance
 o - 2 potions of lignification {unknown}
 p - 3 potions of mutation
 s - a potion of haste
 t - 2 potions of curing
 v - a potion of attraction {unknown}


   Skills:
 - Level 4.0 Fighting
 + Level 7.2 Maces & Flails
 - Level 4.0 Armour
 + Level 8.5 Dodging
 - Level 2.0 Stealth
 + Level 5.9 Spellcasting
 - Level 6.0 Conjurations
 - Level 5.0 Ice Magic
 + Level 4.1 Invocations


You had 13 spell levels left.
You knew the following spells:

 Your Spells              Type           Power      Damage    Failure   Level
a - Freeze                Ice            100%       1d11      1%          1
b - Frozen Ramparts       Ice            50%        1d7       6%          3
c - Ozocubu's Armour      Ice            25%        N/A       6%          3

Your spell library contained the following spells:

 Spells                   Type           Power      Damage    Failure   Level
 Beastly Appendage        Tmut           10%        N/A       16%         1
 Hailstorm                Conj/Ice       27%        3d7       16%         4
 Corpse Rot               Necr/Air       N/A        N/A       22%         2
 Poisonous Vapours        Pois/Air       10%        N/A       22%         2
 Freezing Cloud           Conj/Ice/Air   10%        6-21      67%         5
 Dispersal                Tloc           2%         N/A       100%        6
 Necromutation            Tmut/Necr      2%         N/A       100%        8


Dungeon Overview and Level Annotations

Branches:
Dungeon (10/15)            Temple (1/1) D:4
   Lair: D:8-11         Orc: D:9-12

Altars:
Ashenzari
Cheibriados
Dithmenos
Elyvilon
Fedhas
Gozag
Hepliaklqana
Kikubaaqudgha
Makhleb
Nemelex Xobeh
Okawaru
Qazlal
Ru
Sif Muna
Trog
Uskayaw
Vehumet
Wu Jian
Xom
Yredelemnul
Zin
The Shining One

Shops:
D:1 (

Annotations:
D:8 3 runed translucent doors, flt's ghost, novice NaAE; martbhell's ghost, novice MiFi


Innate Abilities, Weirdness & Mutations

You are partially covered in rugged brown scales. (AC +1, +3% HP)
You are partially covered in sharp spines.
Spells you cast may paralyse nearby enemies.


Message History

The troll is almost dead.
Malevolent energies surge around you.
The troll is no longer paralysed.
The wall freezes the troll.
The troll misses you. The troll claws you. The troll closely misses you.
A troll is nearby!
Casting: Freeze (safe; 1% risk of failure)
Confirm with . or Enter, or press ? or * to list all spells.
Aiming: Freeze (safe; 1% risk of failure)
Press: ? - help, Shift-Dir - straight line, f/p - troll
Aim: a troll (almost dead)
You freeze the troll.
The troll is almost dead.
Malevolent energies surge around you.
The troll suddenly stops moving!
The wall freezes the troll.
You kill the troll!
Sif Muna accepts your kill.
You start resting.
The frozen ramparts melt away.
You start resting.
Magic restored.
HP restored.
A centaur warrior comes into view.
The centaur warrior shouts!
A troll comes into view.
A wraith comes into view.
The centaur warrior wields a +0 longbow.
The centaur warrior shoots an arrow.
The arrow hits you.
There are monsters nearby!
The centaur warrior shoots an arrow.
The arrow hits you but does no damage.
The centaur warrior shoots an arrow.
The arrow misses you.
The centaur warrior shoots an arrow.
The arrow hits you!!
A kobold comes into view.
It is wielding a +0 whip and quivering poisoned darts.
A kobold comes into view. It is wielding a +0 short sword.
The centaur warrior shoots an arrow.
The arrow hits you!
The centaur warrior shoots an arrow.
The arrow hits you!!
The centaur warrior shoots an arrow.
The arrow barely misses you.
The centaur warrior shoots an arrow.
The arrow hits you!
* * * LOW HITPOINT WARNING * * *
The troll shouts!
The centaur warrior shoots an arrow.
The arrow hits you!!
You die...

........W
.......
........#
.......
........#
.......
.......W# ..
..####.
......T#
...... #.
.....# K....#
...
#.c#####.....
#...
#..........#
.....
###@.......#
#....{
#........#
$.....
#........#
....#
#........#
....# #####
####.....#
....# #....#
#.....#
....###....##
#.....#
............#
#.....#
............#
#.....###


You could see a centaur warrior, a troll and a wraith.

Vanquished Creatures
  2 two-headed ogres
  Joseph (D:7)
  2 trolls (D:9)
  A vampire (D:8)
  3 wyverns
  4 yaks (D:6)
  Eustachio (D:4)
  3 water moccasins
  An acid dragon (D:8)
  5 orc warriors
  3 ice beasts
  2 black bears
  2 necrophages (D:6)
  5 centaurs
  2 phantoms (D:5)
  A gnoll sergeant (D:8)
  2 bullfrogs (D:8)
  2 wyvern zombies
  3 scorpions
  A water moccasin zombie (D:5)
  A wyvern skeleton (D:6)
  6 killer bees (D:10)
  A wight (D:9)
  2 centaur zombies
  A jelly (D:6)
  A hound (D:4)
  A bullfrog skeleton (D:5)
  A gnoll shaman (D:9)
  8 orc priests
  3 centaur skeletons
  An iguana (D:6)
  Ijyb (D:3)
  8 orc wizards
  A howler monkey zombie (D:8)
  Robin (D:3)
  9 gnolls
  7 adders
  A howler monkey skeleton (D:7)
  A shadow imp (D:7)
  A white imp (D:6)
  An adder skeleton (D:4)
  2 dart slugs
  40 orcs
  7 endoplasms
  4 giant cockroaches
  11 goblins
  9 hobgoblins
  A jackal (D:1)
  4 kobolds
  4 quokkas
  7 ball pythons
  6 bats
  7 frilled lizards
  5 rats
210 creatures vanquished.

Notes
Turn   | Place    | Note
-------+----------+-------------------------------------------
     0 | D:1      | RedPan the Demonspawn Ice Elementalist began the quest for
                  | the Orb.
     0 | D:1      | Reached XP level 1. HP: 13/13 MP: 3/3
   251 | D:1      | Reached skill level 2 in Dodging
   252 | D:1      | Gained mutation: Spells you cast may paralyse adjacent
                  | enemies. [demonic ancestry]
   252 | D:1      | Reached XP level 2. HP: 19/19 MP: 1/5
   638 | D:1      | Found Sorch's Antique Weapon Shop.
   973 | D:1      | Reached XP level 3. HP: 24/24 MP: 6/6
  1160 | D:1      | Found a faded altar of an unknown god.
  1166 | D:1      | Got Plato's Disquisition on Transmigration
  1311 | D:2      | Learned a level 3 spell: Frozen Ramparts
  1315 | D:2      | Learned a level 3 spell: Ozocubu's Armour
  2269 | D:3      | Gained mutation: You are partially covered in rugged brown
                  | scales. (AC +1, +3% HP) [demonic ancestry]
  2269 | D:3      | Reached XP level 4. HP: 24/30 MP: 5/8
  2450 | D:3      | Noticed a scorpion
  2451 | D:3      | Noticed Ijyb
  2451 | D:3      | Noticed Robin
  2471 | D:3      | Killed a scorpion
  2472 | D:3      | Reached XP level 5. HP: 19/36 MP: 0/10
  2486 | D:3      | Killed Ijyb
  2491 | D:3      | Killed Robin
  2806 | D:3      | Reached skill level 5 in Ice Magic
  3506 | D:4      | Noticed a wyvern
  3511 | D:4      | Killed a wyvern
  3512 | D:4      | Reached skill level 1 in Fighting
  3512 | D:4      | Reached skill level 1 in Conjurations
  3512 | D:4      | Gained mutation: Spells you cast may paralyse nearby
                  | enemies. [demonic ancestry]
  3512 | D:4      | Reached XP level 6. HP: 44/44 MP: 8/12
  3679 | D:4      | Noticed Eustachio
  3699 | D:4      | Killed Eustachio
  3700 | D:4      | Reached skill level 3 in Dodging
  3700 | D:4      | Reached XP level 7. HP: 47/52 MP: 9/13
  3904 | D:4      | Found a staircase to the Ecumenical Temple.
  3917 | Temple   | Entered the Ecumenical Temple
  3992 | Temple   | Became a worshipper of Sif Muna the Loreminder
  4391 | D:5      | Entered Level 5 of the Dungeon
  4398 | D:5      | Reached skill level 5 in Spellcasting
  4619 | D:5      | Reached skill level 1 in Armour
  4619 | D:5      | Reached XP level 8. HP: 50/59 MP: 15/15
  4690 | D:5      | Reached skill level 4 in Dodging
  4956 | D:5      | Reached * piety under Sif Muna
  4988 | D:5      | Reached skill level 1 in Maces & Flails
  5070 | D:5      | You are sucked into a shaft and drop 3 floors!
  5829 | D:6      | Reached skill level 5 in Dodging
  5969 | D:6      | Gained mutation: You are partially covered in sharp spines.
                  | [demonic ancestry]
  5969 | D:6      | Reached XP level 9. HP: 65/66 MP: 14/16
  5992 | D:6      | Reached skill level 5 in Conjurations
  6076 | D:6      | Got the Catalogue of Necromancy and the Traveller
  7010 | D:7      | Reached skill level 6 in Dodging
  7267 | D:7      | You are sucked into a shaft and drop 3 floors!
  7267 | D:10     | Entered Level 10 of the Dungeon
  7288 | D:10     | Reached ** piety under Sif Muna
  7295 | D:10     | Noticed a two-headed ogre
  7310 | D:10     | Killed a two-headed ogre
  7311 | D:10     | Reached skill level 5 in Maces & Flails
  7311 | D:10     | Reached skill level 7 in Dodging
  7311 | D:10     | Reached XP level 10. HP: 61/73 MP: 2/17
  7631 | D:9      | Noticed a two-headed ogre
  7812 | D:7      | Noticed Joseph
  7828 | D:7      | Killed Joseph
  8165 | D:8      | Found a runed translucent gate.
  8166 | D:8      | Found a runed translucent gate.
  8166 | D:8      | Found a runed translucent gate.
  8166 | D:8      | Noticed martbhell's ghost (novice MiFi)
  8166 | D:8      | Noticed flt's ghost (novice NaAE)
  8980 | D:8      | Reached skill level 1 in Invocations
  9140 | D:9      | Noticed a two-headed ogre
  9149 | D:8      | Killed a two-headed ogre
  9150 | D:8      | Reached skill level 8 in Dodging
  9297 | D:9      | Reached *** piety under Sif Muna
 10241 | D:9      | Noticed a centaur warrior
 10251 | D:9      | Shot with an arrow by a centaur warrior

Illustrated notes

Levels and vault maps discovered:
D:1:      shiori_arrival_elements, layout_basic, serial_shops, shop,
          shapermc_ecumenical_altar_rom_forum, minmay_heptomino_l4
D:2:      layout_basic, kennysheep_another_room, st_stairs_14
D:3:      layout_basic, uniq_ijyb, uniq_robin
D:4:      layout_loops_ring, minmay_temple_entry_glass, st_stairs_5,
          hangedman_decor_opposing, uniq_eustachio
D:5:      layout_loops_cross
D:6:      layout_loops_ring, lemuel_crystal_altar, minmay_misc_feat_rows,
          kennysheep_pointless_box
D:7:      layout_loops_ring, uniq_joseph
D:8:      layout_loops_ring, gammafunk_ghost_cemetery, nzn_life_drinkers
D:9:      minmay_bloctagon, layout_irregular_city, serial_column_ruins,
          column_ruins_grid_1, column_ruins_grid_1, column_ruins_columns_corner,
          column_ruins_open_small, column_ruins_open_tiny,
          column_ruins_corridor_straight
D:10:     kennysheep_steamy, layout_small_grid, special_room [special_room_orc],
          st_stairs_2
Temple:   dpeg_three_leaves_temple

Skill      XL: |  1  2  3  4  5  6  7  8  9 10 |
---------------+-------------------------------+-----
Dodging        | 2 3 5 7 8 |  8.5
Stealth        | 2 |  2.0
Ice Magic      | 4 5 |  5.0
Spellcasting   | 3 4 5 |  5.9
Fighting       | 1 2 3 4 |  4.0
Conjurations   | 1 2 3 4 6 |  6.0
Armour         | 1 3 4 |  4.0
Maces & Flails | 2 5 7 |  7.2
Invocations    | 4 |  4.1

Action                   |  1- 3 |  4- 6 |  7- 9 | 10-12 || total
-------------------------+-------+-------+-------+-------++-------
Melee: Unarmed           |     2 |       |       |       ||     2
       Short sword       |    49 |    22 |       |       ||    71
       Club              |     2 |       |       |       ||     2
       Whip              |       |    14 |   170 |    78 ||   262
 Cast: Freeze            |    50 |    17 |    47 |    35 ||   149
       Frozen Ramparts   |     2 |     6 |    12 |    13 ||    33
       Ozocubu's Armour  |       |     1 |     2 |     5 ||     8
Evoke: Wand              |       |       |     2 |       ||     2
  Use: Scroll            |     7 |     1 |     7 |     2 ||    17
       Potion            |       |     2 |       |       ||     2
 Stab: Sleeping          |     5 |     2 |     5 |     1 ||    13
       Paralysed         |     3 |     2 |    16 |     3 ||    24
Armor: Robe              |    14 |    22 |     2 |       ||    38
       Leather armour    |       |       |    84 |    29 ||   113
Dodge: Dodged            |    47 |    39 |   113 |    69 ||   268
